 Dungeon Crawl Stone Soup version 0.26-a0-113-gd8a95b691d (webtiles) character file.

Game seed: 8586955095275103363

131 Gargoyl the Skirmisher (level 4, -1/39 HPs)
             Began as a Centaur Abyssal Knight on June 25, 2020.
             Was a Believer of Lugonu.
             Blown up by Ijyb (28 damage)
             ... with a disintegration bolt
             ... on level 3 of the Dungeon.
             The game lasted 00:03:03 (2453 turns).

Gargoyl the Skirmisher (Centaur Abyssal Knight)     Turns: 2453, Time: 00:03:04

Health: -1/39      AC: 12    Str: 14    XL:     4   Next: 91%
Magic:  0/6        EV:  4    Int: 11    God:    Lugonu [**....]
Gold:   78         SH:  0    Dex: 10    Spells: 3/3 levels left

rFire    . . .     SeeInvis .   a - +2 hand axe
rCold    . . .     Faith    .   (no shield)
rNeg     + . .     Spirit   +   g - +2 chain mail {rN+}
rPois    .         Reflect  .   d - +0 helmet
rElec    .         Harm     .   b - +0 cloak
rCorr    .                      (no gloves)
MR       .....                  (no barding)
Stlth    ..........             e - amulet of guardian spirit
HPRegen  0.13/turn              j - +4 ring of slaying
MPRegen  0.10/turn              (no ring)

@: very quick
A: large, hooves 3, deformed body, speed 2, tough skin 3
a: Depart the Abyss, Bend Space, Renounce Religion


You were on level 3 of the Dungeon.
You worshipped Lugonu.
Lugonu was pleased with you.
You were not hungry.

You visited 1 branch of the dungeon, and saw 3 of its levels.
You visited the Abyss 1 time.

You collected 78 gold pieces.

Inventory:

Hand Weapons
 a - a +2 hand axe (weapon)
Armour
 b - a +0 cloak (worn)
 d - a +0 helmet (worn)
 g - a +2 chain mail of positive energy (worn)
Jewellery
 e - an amulet of guardian spirit (around neck)
 j - a +4 ring of slaying (left hand)
Scrolls
 i - a scroll of blinking
Potions
 h - a potion of brilliance {unknown}
Comestibles
 c - 3 rations
 f - 3 chunks of flesh


   Skills:
 + Level 3.6 Fighting
 + Level 2.5 Axes
 * Level 2.4 Armour
 * Level 1.2 Dodging
 * Level 2.9 Invocations


You had 3 spell levels left.
You didn't know any spells.
Your spell library was empty.

Dungeon Overview and Level Annotations

Branches:
Dungeon (3/15)

Altars:
Sif Muna

Annotations:
D:2 Sigmund
D:3 Ijyb


Innate Abilities, Weirdness & Mutations

You have hooves in place of feet.
Armour fits poorly on your strangely shaped body.
You cover ground very quickly.
You have extremely tough skin. (AC +3)


Message History

You see here a frilled lizard skeleton. x2
Found a shimmering blue altar of Sif Muna.
Some of the chunks of flesh in your inventory have rotted away.
Found 21 stones.
You now have 78 gold pieces (gained 18).
You open the door.
Found a stone staircase leading up.
There is an open door here.
There is a shaft here.
Ijyb the Twisted Goblin comes into view.
She is carrying a wand of disintegration (7).
Ijyb shouts!
Ijyb screams, "Me stronger than you!"
Ijyb is nearby!
Ijyb zaps a wand.
You are blasted!
Found a ration.
Ijyb zaps a wand.
You barely resist.
Ijyb zaps a wand.
You are blasted!
Ijyb zaps a wand.
You are blasted!
Ouch! That really hurt!
You die...

#.....#### #..#.#
#.......(# ##.#.#
#........# #...#
#........# #...#
#.....#### #...#
#.#'###########...#
#.................#
#.....##########..#
#.....^@.# #..>#
#.....<#.############
#.....##............#
#......+............#
#..#####............#
.... #............#
.... #......?.....#
## #####..g.....#
#........#


You could see Ijyb.

Vanquished Creatures
  Terence (D:2)
  An orc wizard (D:3)
  Robin (D:2)
  2 adders (D:3)
  A dart slug (D:1)
  2 leopard geckos
  3 orcs (D:3)
  A ball python (D:1)
  A giant cockroach (D:1)
  11 goblins
  6 hobgoblins (D:2)
  3 jackals (D:1)
  A kobold (D:1)
  5 bats (D:1)
  A frilled lizard (D:3)
  4 rats
44 creatures vanquished.

Notes
Turn   | Place    | Note
-------+----------+-------------------------------------------
     0 | Abyss:1  | Gargoyl the Centaur Abyssal Knight began the quest for the
                  | Orb.
     0 | Abyss:1  | Reached XP level 1. HP: 19/19 MP: 2/2
    75 | Abyss:2  | Noticed a large abomination
    76 | Abyss:2  | Noticed an ancient zyme
   102 | Abyss:2  | Noticed a ynoxinul
   102 | Abyss:2  | Noticed a small abomination
   122 | Abyss:2  | Noticed a large abomination
   128 | Abyss:2  | Noticed an insubstantial wisp
   130 | Abyss:2  | Noticed a hellion
   131 | D:1      | Escaped the Abyss
   439 | D:1      | Reached * piety under Lugonu
   507 | D:1      | Reached XP level 2. HP: 26/26 MP: 3/3
  1304 | D:2      | Noticed Robin
  1315 | D:2      | Reached XP level 3. HP: 21/31 MP: 2/4
  1316 | D:2      | Reached skill level 1 in Dodging
  1323 | D:2      | Killed Robin
  1659 | D:2      | Noticed Terence
  1676 | D:2      | Killed Terence
  1676 | D:2      | Reached XP level 4. HP: 10/38 MP: 3/6
  1976 | D:2      | Noticed Sigmund
  2262 | D:3      | Reached ** piety under Lugonu
  2421 | D:3      | Found a shimmering blue altar of Sif Muna.
  2444 | D:3      | Noticed Ijyb
  2453 | D:3      | Blown up by Ijyb

Illustrated notes

Levels and vault maps discovered:
D:1:      minmay_arrival_plants_in_alcoves, layout_basic, serial_bayou_pond_d
D:2:      layout_basic, minmay_fractal_squares_gapless_5, uniq_sigmund,
          uniq_robin, uniq_terence
D:3:      layout_basic, lemuel_crystal_altar, serial_curves, eino_curves_04,
          eino_curves_04, feat_on_display, uniq_ijyb

Skill      XL: |  1  2  3 |
---------------+----------+-----
Axes           | 2 |  2.5
Dodging        | 1 |  1.2
Armour         | 2 |  2.4
Fighting       | |  3.6
Invocations    | |  2.9

Action                   |  1- 3 |  4- 6 || total
-------------------------+-------+-------++-------
Melee: Hand axe          |    91 |    24 ||   115
       Kick              |    10 |    10 ||    20
Invok: Depart the Abyss  |     1 |       ||     1
  Use: Scroll            |     7 |       ||     7
  Eat: Chunk             |     1 |     3 ||     4
Armor: Ring mail         |    66 |       ||    66
       Chain mail        |       |    13 ||    13
Dodge: Dodged            |    50 |     3 ||    53

Table legend:
 A = Non-vault XP
 B = Vault XP
 C = Vault XP percentage of total XP
 D = Non-vault monster count
 E = Vault monster count
 F = Vault count percentage of total count
                 A         B        C        D         E       F
            +---------+---------+-------+---------+---------+-------
      Total |     114 |      74 |  39.4 |      30 |      14 |  31.8
            +---------+---------+-------+---------+---------+-------
        D:1 |      30 |       0 |   0.0 |      17 |       0 |   0.0
        D:2 |       9 |      74 |  89.2 |       4 |      14 |  77.8
        D:3 |      75 |       0 |   0.0 |       9 |       0 |   0.0
            +---------+---------+-------+---------+---------+-------
